 Dungeon Crawl Stone Soup version 0.30.0-17-ge0270778cf (webtiles) character file.

Game seed: 16925392934763171336

71916 quinnr the Zephyrmancer (level 14, -9/92 HPs)
             Began as a Tengu Air Elementalist on May 22, 2023.
             Was the Champion of Jiyva.
             Killed by the raging water
             ... invoked by a water nymph
              (30 damage)
             ... on level 2 of the Shoals.
             The game lasted 01:02:38 (17691 turns).

quinnr the Zephyrmancer (Tengu Air Elementalist)   Turns: 17691, Time: 01:02:38

Health: -9/92      AC:  7    Str: 17    XL:     14   Next: 92%
Magic:  16/29      EV: 24    Int: 18    God:    Jiyva [******]
Gold:   922        SH:  0    Dex: 17    Spells: 22/33 levels left

rFire   + + .        O - staff of fire "Adeab" {rF+ rCorr Str+4, !a}
rCold   . . .        (no shield)
rNeg    . . .        y - +2 robe {rF+}
rPois   .            (helmet restricted)
rElec   .            p - +0 cloak
rCorr   +            v - +0 pair of gloves
SInv    .            (boots unavailable)
Will    ++...        (no amulet)
Stlth   +++++        (no ring)
HPRegen 1.95/turn    (no ring)
MPRegen 0.71/turn

%: no passive effects
@: flying quickly and evasively, quick
A: beak, talons 3, nimble flight, agile 1, strong-willed 1, strong 1, wild magic
2, acidic bite, gelatinous body 1, evolution 2, tendrils, jelly sensing items,
jelly absorbing missiles, engulf
}: 1/15 runes: slimy
a: Renounce Religion, Oozemancy, Slimify


You were on level 2 of the Shoals.
You worshipped Jiyva.
Jiyva was exalted by your worship.
You visited 4 branches of the dungeon, and saw 21 of its levels.
You also visited: Sewer, Ossuary and Volcano.

You collected 964 gold pieces.
You spent 42 gold pieces at shops.


Innate Abilities, Weirdness & Mutations

You have a beak for a mouth.
You have claws for feet.
Your magical nature lets you fly swiftly and evasively.
You are agile. (Dex +4, Str/Int -1)
You are strong-willed. (Will+)
Your muscles are strong. (Str +4, Int/Dex -1)
Your spells are harder to cast, but more powerful.
You have acidic saliva.
Your rubbery body absorbs attacks. (AC +1, EV +1)
You have great hidden genetic potential.
You are covered in slimy tendrils that may disarm your opponents.
You have a small jelly attached to you that senses nearby items.
You have a small jelly attached to you that may absorb projectiles.
Your melee attacks may engulf your foes in ooze.


   Skills:
 - Level 12.0 Fighting
 - Level 4.0 Staves
 - Level 12.0 Dodging
 - Level 10.0 Stealth
 - Level 10.0 Spellcasting
 - Level 8.0 Conjurations
 - Level 4.0 Translocations
 + Level 14.4 Air Magic
 + Level 7.1 Evocations


You had 22 spell levels left.
You knew the following spells:

 Your Spells              Type           Power      Damage    Failure   Level
a - Airstrike             Air            39%        2d(6-22)  1%          4
p - Poisonous Vapours     Pois/Air       100%       N/A       3%          2
t - Static Discharge      Conj/Air       100%       2-7/arc   1%          2
z - Shock                 Conj/Air       100%       1d9       1%          1
B - Blink                 Tloc           74%        N/A       7%          2

Your spell library contained the following spells:

 Spells                   Type           Power      Damage    Failure   Level
 Swiftness                Air            78%        N/A       1%          3
 Momentum Strike          Conj/Tloc      96%        3d10      4%          2
 Cigotuvi's Dreadful Rot  Necr/Pois/Air  84%        N/A       5%          2
 Lesser Beckoning         Tloc           74%        N/A       7%          2
 Hailstorm                Conj/Ice       37%        3d9       12%         3
 Freeze                   Ice            56%        1d7       17%         1
 Summon Small Mammal      Summ           56%        N/A       17%         1
 Portal Projectile        Hex/Tloc       50%        N/A       22%         3
 Call Canine Familiar     Summ           14%        N/A       41%         3
 Frozen Ramparts          Ice            28%        1d5       41%         3
 Summon Guardian Golem    Hex/Summ       14%        N/A       41%         3
 Tukima's Dance           Hex            14%        N/A       41%         3
 Summon Forest            Summ/Tloc      12%        N/A       82%         5
 Disjunction              Tloc           18%        N/A       100%        8

Inventory:

Hand Weapons
 i - a +0 dagger of speed
 E - a +5 dagger
 M - the +6 mace of Wifurum {flame, rElec rCorr SInv}
   (You found it on level 5 of the Pits of Slime)

   rElec:     It insulates you from electricity.
   SInv:      It lets you see invisible.
   rCorr:     It protects you from acid and corrosion.
 N - the +7 lajatang "Newtbane" {freeze, rElec rPois Will+ Str+3}
   (You found it on level 5 of the Pits of Slime)

   Str:       It affects your strength (+3).
   rElec:     It insulates you from electricity.
   rPois:     It protects you from poison.
   Will:      It increases your willpower.
Missiles
 C - 5 curare-tipped darts {=f}
Armour
 p - a +0 cloak (worn)
 v - a +0 pair of gloves (worn)
 y - a +2 robe of fire resistance (worn)
 F - the +5 fire dragon scales "Ryacerer" {rF++ rC- Regen+ Int+2}
   (You found it in a volcano)

   Int:       It affects your intelligence (+2).
   rF:        It greatly protects you from fire.
   rC:        It makes you vulnerable to cold.
   Regen:     It increases your rate of health regeneration.
 G - a +0 leather armour of fire resistance
Magical Staves
 u - a staff of fire {!a}
 K - the staff of death "Ziank" {rN+ Stlth+, !a}
   (You found it on level 5 of the Pits of Slime)

   [staff of death]

   Base accuracy: +5 Base damage: 5 Base attack delay: 1.2 This weapon's minimum
   attack delay (0.6) is reached at skill level 12.
   rN:        It protects you from negative energy.
   Stlth:     It makes you more stealthy.
   It falls into the 'Staves' category.
   It is a one-handed weapon.
 O - the staff of fire "Adeab" (weapon) {rF+ rCorr Str+4, !a}
   (You found it on level 5 of the Lair of Beasts)

   [staff of fire]

   Base accuracy: +5 Base damage: 5 Base attack delay: 1.2 This weapon's minimum
   attack delay (0.6) is reached at skill level 12.
   Str:       It affects your strength (+4).
   rF:        It protects you from fire.
   rCorr:     It protects you from acid and corrosion.
   It falls into the 'Staves' category.
   It is a one-handed weapon.
Jewellery
 B - the necklace of Bloodlust {Fury *Rage Will++ Int-3 Slay+6}
   (You found it on level 7 of the Dungeon)

   [amulet of nothing]

   Fury:      It extends the wearer's berserk rage when killing foes.
   Int:       It affects your intelligence (-3).
   Slay:      It affects your accuracy & damage with ranged weapons and melee
   (+6).
   *Rage:     It berserks you when you make melee attacks (+50% chance).
   Will:      It greatly increases your willpower.
 L - the ring "Funig" {rPois Dex+6}
   (You found it on level 5 of the Pits of Slime)

   [ring of dexterity]

   Dex:       It affects your dexterity (+6).
   rPois:     It protects you from poison.
Wands
 t - a wand of polymorph (4)
 w - a wand of mindburst (3)
 D - a wand of flame (26)
 J - a wand of paralysis (1)
Scrolls
 f - a scroll of vulnerability {unknown}
 h - a scroll of blinking
 l - 2 scrolls of enchant weapon
 m - 3 scrolls of enchant armour {unknown}
 o - a scroll of fear
 q - a scroll of silence {unknown}
 x - 4 scrolls of teleportation {unknown}
 A - 3 scrolls of amnesia {unknown}
 I - a scroll of fog
 P - a scroll of butterflies {unknown}
 Q - a scroll of acquirement {unknown}
Potions
 a - 2 potions of attraction
 b - 2 potions of magic
 c - 5 potions of flight
 d - 3 potions of brilliance
 e - 10 potions of curing {@q1}
 g - 2 potions of degeneration
 j - 2 potions of haste {@q3}
 k - 14 potions of ambrosia
 n - a potion of cancellation
 r - 6 potions of heal wounds {@q2}
 s - 2 potions of mutation
 z - a potion of lignification
 H - 2 potions of berserk rage {!q}

Dungeon Overview and Level Annotations

Branches:
Dungeon (9/15)             Temple (0/1) D:4            Lair (5/5) D:9
 Shoals (2/4) Lair:2       Spider (0/4) Lair:3        Slime (5/5) Lair:5
  Sewer (visited)         Ossuary (visited)         Volcano (visited)
    Orc: D:9-12

Altars:
Fedhas
Gozag
Qazlal
Xom
Yredelemnul
Zin
Jiyva

Shops:
D:2 (   D:5 !   D:6 *

Portals:
Bazaar: Shoals:2

Annotations:
D:5 digvault
Lair:1 2 transporters, Palms's ghost, journeyman BaWr

≈≈~~~~~~~~≈≈≈≈≈≈≈≈#
≈≈~~~~~~~~~~≈≈≈≈≈≈#
≈≈~~~~~~~~~~~≈≈≈≈≈#
≈≈~~~~~~~~~~~≈≈≈≈≈#
~~~~~.~~~~~~~≈≈≈≈≈#
~~~~).~~~~~~~≈≈≈≈≈#
~~~~......~~~~≈≈≈≈#
~~~$..~~~:.J~~≈≈≈≈#
~~~~[~~.m..†~@≈≈≈≈#
...~~~~...~HH~≈≈≈≈#
.....~~~~~~~~~≈≈≈≈#
....~~~~~~~~~~≈≈≈≈#
...~.∩~~~~~≈≈≈≈≈≈≈#
.....~~~~~≈≈≈≈≈≈≈≈#
....~~~~~~≈≈≈≈≈≈≈≈#
~~~~≈≈≈≈≈≈≈≈#


You could see a water nymph, 2 harpies and a friendly azure jelly (summoned).


Message History

The harpy closely misses your azure jelly.
The harpy claws your azure jelly.
The harpy claws your azure jelly but does no damage.
Your azure jelly closely misses the harpy. x3
Your azure jelly splashes around in the water.
Unknown command.
Unknown command.
You feel stable enough to blink again. The harpy claws your azure jelly!
The harpy completely misses your azure jelly.
The harpy claws you.
* * * LOW HITPOINT WARNING * * *
The harpy completely misses you.
Your azure jelly hits the harpy.
Your azure jelly freezes the harpy!!!
The harpy dies!
Unknown command.
Unknown command.
Unknown command.
You feel much better. The harpy claws your azure jelly!
The harpy claws your azure jelly but does no damage.
The harpy misses you. The harpy completely misses you. The harpy claws you!
* * * LOW HITPOINT WARNING * * *
The harpy claws you but does no damage.
Your azure jelly hits the harpy but does no damage.
Your azure jelly hits the harpy!
Your azure jelly freezes the harpy!!!
The harpy dies!
The harpy misses you. x2
The water nymph gestures at you while chanting.
The water rises up and strikes you!!
You die...

Skill      XL: |  1  2  3  4  5  6  7  8  9 10 11 12 13 14 |
---------------+-------------------------------------------+-----
Conjurations   | 2 3 4 5 8 |  8.0
Fighting       | 1 4 6 7 9 11 12 | 12.0
Translocations | 1 2 3 4 |  4.0
Air Magic      | 5 6 9 10 12 14 | 14.4
Spellcasting   | 3 4 5 6 9 10 | 10.0
Dodging        | 5 6 8 9 10 12 | 12.0
Evocations     | 4 7 |  7.1
Stealth        | 6 10 | 10.0
Staves         | 4 |  4.0

Action                     |  1- 3 |  4- 6 |  7- 9 | 10-12 | 13-15 || total
---------------------------+-------+-------+-------+-------+-------++-------
  Melee: Unarmed           |     4 |       |       |       |       ||     4
         Kick              |     7 |    15 |     2 |    29 |    28 ||    81
         Dagger            |     6 |    39 |     1 |       |       ||    46
         Peck              |       |    11 |       |    20 |    22 ||    53
         Punch             |       |     1 |       |       |     2 ||     3
         Staff             |       |       |     1 |    66 |    44 ||   111
         Pseudopods        |       |       |       |    17 |    14 ||    31
         Bite              |       |       |       |       |    10 ||    10
   Cast: Shock             |    89 |   114 |   112 |    72 |    27 ||   414
         Airstrike         |       |     2 |    46 |   252 |   305 ||   605
         Blink             |       |       |     6 |     6 |     6 ||    18
         Static Discharge  |       |       |       |    56 |    52 ||   108
         Poisonous Vapours |       |       |       |       |    16 ||    16
 Invoke: Oozemancy         |       |       |       |     1 |     4 ||     5
  Evoke: Wand              |       |       |     2 |     3 |     4 ||     9
    Use: Scroll            |       |     1 |       |    10 |     4 ||    15
         Potion            |       |     1 |       |       |     2 ||     3
   Stab: Sleeping          |       |       |       |     2 |       ||     2
         Petrified         |       |       |       |       |     2 ||     2
         Paralysed         |       |       |       |       |     3 ||     3
 Armour: Robe              |     5 |     5 |     5 |    28 |    16 ||    59
  Dodge: Dodged            |    36 |    25 |    45 |   272 |   176 ||   554

Levels and vault maps discovered:
D:1:      evilmike_arrival_crescent, layout_basic, chequers_garden,
          chequers_decorated_corner, minmay_close_crescents
D:2:      layout_rooms, serial_shops, shop,
          hellmonk_ecumenical_altar_inner_sanctum,
          wander_ebering_terrifying_dragon_lair
D:3:      layout_loops_cross, portal_sewer_entry_d, minmay_misc_feat_encased
D:4:      layout_gridville, minmay_temple_entry_ruins,
          lightli_ossuary_entry_decrepit_ruins, uniq_blork_the_orc
D:5:      layout_layer_cave, zin_scriptorium, mainiacjoe_overflow_alcove_2,
          chequers_temple_overflow_minitemple, serial_shops,
          nicolae_shop_hallway_plus, minivault_27
D:6:      kennysheep_steamy, layout_loops_ring, nicolae_overflow_crystal_walls,
          minmay_statues_item, ebering_dispersal_statue_hall,
          nicolae_shop_clearance, uniq_pikel, uniq_eustachio
D:7:      layout_basic
D:8:      layout_loops_ring
D:9:      layout_cave_pools, nicolae_tso_carved_into_rock, david_lair_generic
Lair:1:   layout_concentric_octagons, enter_volcano_2, nzn_ghost_randoct,
          special_room [special_room_bee]
Lair:2:   layout_loops_ring, elwin_shoals_entry_rooms
Lair:3:   layout_layer_cave, spider_nest_entry_webs, serial_forest,
          infiniplex_forest_clump_C, infiniplex_forest_clump_double,
          infiniplex_forest_clump_double, infiniplex_forest_clump_small,
          infiniplex_forest_end_3, infiniplex_forest_3_way, lemuel_fruit_tree
Lair:4:   layout_gridlike, gammafunk_ghost_hive, gauntlet_entry_generic,
          uniq_josephine
Lair:5:   hangedman_lair_in_review, layout_misc_corridors,
          guppyfry_lair_end_dragon, nicolae_slime_entry_slimehenge,
          lookout_lair_type
Shoals:1: layout_shoals
Shoals:2: layout_shoals, serial_shops, bzr_entry_dummy,
          nicolae_shop_pleasant_corner_grove, shop, centaur_isle
Slime:1:  layout_caves
Slime:2:  layout_caves, basic_altar, nicolae_slime_phagocytosis
Slime:3:  layout_caves, special_room [special_room_jelly]
Slime:4:  layout_caves, basic_altar
Slime:5

Notes
Turn   | Place    | Note
-------+----------+-------------------------------------------
     0 | D:1      | quinnr the Tengu Air Elementalist began the quest for the
                  | Orb.
     0 | D:1      | Reached XP level 1. HP: 10/10 MP: 4/4
   193 | D:1      | Reached skill level 2 in Conjurations
   236 | D:1      | Reached XP level 2. HP: 15/15 MP: 1/6
   395 | D:1      | Reached skill level 3 in Conjurations
   918 | D:1      | Reached XP level 3. HP: 19/19 MP: 4/7
   954 | D:1      | Reached skill level 4 in Conjurations
  1531 | D:2      | Found Zithrih's Antique Weapon Shop.
  1654 | D:2      | Reached skill level 1 in Fighting
  1738 | D:2      | Learned a level 2 spell: Blink
  2088 | D:2      | Found a faded altar of an unknown god.
  2099 | D:2      | Prayed at the altar of an unknown god.
  2099 | D:2      | Became a worshipper of Jiyva Jeaxaowk the Shapeless
  2099 | D:2      | Reached * piety under Jiyva
  2275 | D:3      | Reached XP level 4. HP: 25/25 MP: 1/8
  2312 | D:3      | Reached skill level 1 in Translocations
  2383 | D:3      | Reached ** piety under Jiyva
  2409 | D:3      | Found a glowing drain.
  2418 | Sewer    | Entered a sewer
  2441 | Sewer    | Reached skill level 5 in Air Magic
  2474 | Sewer    | Gained mutation: Your magical nature lets you fly swiftly
                  | and evasively. [Tengu growth]
  2474 | Sewer    | Reached XP level 5. HP: 29/29 MP: 6/9
  2540 | Sewer    | Reached skill level 2 in Translocations
  2625 | Sewer    | Learned a level 4 spell: Airstrike
  3164 | D:3      | Reached *** piety under Jiyva
  3436 | D:4      | Gained mutation: Your spells are a little harder to cast,
                  | but a little more powerful. [Jiyva's grace]
  3436 | D:4      | Gained mutation: Your spells are harder to cast, but more
                  | powerful. [Jiyva's grace]
  3436 | D:4      | Gained mutation: Your spells are much harder to cast, but
                  | much more powerful. [Jiyva's grace]
  3436 | D:4      | Gained mutation: You are covered in slimy tendrils that may
                  | disarm your opponents. [Jiyva's grace]
  3515 | D:4      | Found a sand-covered staircase.
  3527 | Ossuary  | Entered an ossuary
  3573 | Ossuary  | Reached XP level 6. HP: 29/34 MP: 1/10
  3774 | D:4      | Reached skill level 3 in Spellcasting
  3774 | D:4      | Reached skill level 6 in Air Magic
  3787 | D:4      | Found a staircase to the Ecumenical Temple.
  3844 | D:4      | Reached XP level 7. HP: 38/38 MP: 8/13
  3894 | D:4      | Reached skill level 7 in Air Magic
  4015 | D:4      | Noticed Blork the orc
  4018 | D:4      | Killed Blork the orc
  4019 | D:4      | Reached skill level 4 in Spellcasting
  4187 | D:5      | Entered Level 5 of the Dungeon
  4187 | D:5      | Reached **** piety under Jiyva
  4204 | D:5      | Reached skill level 8 in Air Magic
  4419 | D:5      | Found an opulent altar of Gozag.
  4497 | D:5      | Found Noxtuok's Distillery.
  4503 | D:5      | Bought a potion of curing for 42 gold pieces
  4650 | D:5      | Found a stormy altar of Qazlal.
  4650 | D:5      | Found a blossoming altar of Fedhas.
  4656 | D:5      | Found a shimmering altar of Xom.
  4658 | D:5      | Found a faded altar of an unknown god.
  4660 | D:5      | Found a faded altar of an unknown god.
  5100 | D:5      | Found a glowing silver altar of Zin.
  5320 | D:5      | Lost mutation: Your spells are much harder to cast, but
                  | much more powerful. [Jiyva's grace]
  5320 | D:5      | Gained mutation: Your rubbery body absorbs attacks. (AC +1,
                  | EV +1) [Jiyva's grace]
  5320 | D:5      | Gained mutation: Your pliable body absorbs attacks. (AC +2,
                  | EV +2) [Jiyva's grace]
  5320 | D:5      | Gained mutation: Your gelatinous body deflects attacks. (AC
                  | +3, EV +3) [Jiyva's grace]
  5320 | D:5      | Gained mutation: Your melee attacks may engulf your foes in
                  | ooze. [Jiyva's grace]
  5334 | D:5      | Reached ***** piety under Jiyva
  5416 | D:5      | Reached skill level 9 in Air Magic
  5428 | D:5      | Reached XP level 8. HP: 32/43 MP: 11/15
  5561 | D:6      | Reached skill level 3 in Dodging
  5561 | D:6      | Reached skill level 3 in Translocations
  5653 | D:6      | Found a basalt altar of Yredelemnul.
  5656 | D:6      | Noticed Pikel
  5663 | D:6      | Killed Pikel
  5664 | D:6      | Reached skill level 4 in Dodging
  5664 | D:6      | Reached skill level 5 in Conjurations
  5819 | D:6      | Reached skill level 5 in Spellcasting
  5926 | D:6      | Reached skill level 5 in Dodging
  5960 | D:6      | Reached XP level 9. HP: 47/47 MP: 15/17
  5980 | D:6      | Reached skill level 4 in Translocations
  6030 | D:6      | Noticed Eustachio
  6033 | D:6      | Killed Eustachio
  6034 | D:6      | Reached skill level 6 in Dodging
  6071 | D:6      | Found Myorewn's CLEARANCE SALE!.
  6176 | D:6      | Reached skill level 1 in Evocations
  6404 | D:8      | Reached skill level 2 in Fighting
  6440 | D:9      | Noticed a troll
  6446 | D:9      | Killed a troll
  6447 | D:9      | Reached skill level 2 in Evocations
  6455 | D:9      | Noticed a hornet
  6501 | D:9      | Killed a hornet
  6502 | D:9      | Reached skill level 3 in Fighting
  6530 | D:8      | Reached skill level 10 in Air Magic
  6602 | D:7      | Reached skill level 3 in Evocations
  6800 | D:7      | Reached skill level 6 in Spellcasting
  6925 | D:7      | Reached skill level 4 in Evocations
  6987 | D:7      | Found the necklace of Bloodlust {Fury *Rage Will++ Int-3
                  | Slay+6}
  6994 | D:7      | Lost mutation: Your gelatinous body deflects attacks. (AC
                  | +3, EV +3) [Jiyva's grace]
  6994 | D:7      | Lost mutation: Your pliable body absorbs attacks. (AC +2,
                  | EV +2) [Jiyva's grace]
  6994 | D:7      | Gained mutation: You passively dampen the noise of your
                  | surroundings. [Jiyva's grace]
  6994 | D:7      | Gained mutation: You are agile. (Dex +4, Str/Int -1)
                  | [Jiyva's grace]
  6994 | D:7      | Gained mutation: You are very agile. (Dex +8, Str/Int -2)
                  | [Jiyva's grace]
  6994 | D:7      | Gained mutation: Your translucent skin slightly reduces
                  | your foes' accuracy. (Stealth+) [Jiyva's grace]
  7116 | D:7      | Reached skill level 4 in Fighting
  7116 | D:7      | Reached XP level 10. HP: 56/56 MP: 10/20
  7342 | D:8      | Reached skill level 11 in Air Magic
  7902 | D:9      | Reached ****** piety under Jiyva
  8047 | D:9      | Reached skill level 12 in Air Magic
  8183 | D:9      | Reached skill level 5 in Fighting
  8215 | D:9      | Reached skill level 7 in Dodging
  8251 | D:9      | Noticed a two-headed ogre
  8261 | D:9      | Killed a two-headed ogre
  8379 | D:9      | Reached skill level 6 in Fighting
  8412 | D:9      | Reached skill level 8 in Dodging
  8482 | D:9      | Reached XP level 11. HP: 64/64 MP: 10/21
  8508 | D:9      | Found a staircase to the Lair.
  8529 | Lair:1   | Entered Level 1 of the Lair of Beasts
  8561 | Lair:1   | Reached skill level 9 in Dodging
  8606 | Lair:1   | Reached skill level 6 in Conjurations
  8666 | Lair:1   | Reached skill level 7 in Conjurations
  8685 | Lair:1   | Reached skill level 8 in Conjurations
  8727 | Lair:1   | Noticed Palms's ghost (journeyman BaWr)
  8737 | Lair:1   | Found a transporter.
  8826 | Lair:1   | Learned a level 2 spell: Static Discharge
  8882 | Lair:1   | Reached skill level 7 in Spellcasting
  8994 | Lair:1   | Found a dark tunnel.
  9001 | Lair:1   | Reached skill level 8 in Spellcasting
  9006 | Volcano  | Entered a volcano
  9053 | Volcano  | Noticed a red draconian
  9053 | Volcano  | Noticed a salamander
  9053 | Volcano  | Noticed a salamander
  9063 | Volcano  | Killed a salamander
  9070 | Volcano  | Killed a salamander
  9120 | Volcano  | Killed a red draconian
  9121 | Volcano  | Reached skill level 9 in Spellcasting
  9141 | Volcano  | Identified the +5 fire dragon scales "Ryacerer" {rF++ rC-
                  | Regen+ Int+2}
  9160 | Volcano  | Noticed a salamander
  9171 | Volcano  | Killed a salamander
  9203 | Volcano  | Noticed a salamander mystic
  9204 | Volcano  | Noticed a salamander
  9210 | Volcano  | Killed a salamander mystic
  9212 | Volcano  | Killed a salamander
  9213 | Volcano  | Reached skill level 7 in Fighting
  9213 | Volcano  | Reached XP level 12. HP: 64/72 MP: 18/26
  9450 | Lair:1   | Found a transporter.
  9478 | Lair:1   | Noticed a death yak
 10056 | Lair:2   | Reached skill level 8 in Fighting
 10184 | Lair:3   | Lost mutation: You are very agile. (Dex +8, Str/Int -2)
                  | [Jiyva's grace]
 10184 | Lair:3   | Lost mutation: Your translucent skin slightly reduces your
                  | foes' accuracy. (Stealth+) [Jiyva's grace]
 10184 | Lair:3   | Gained mutation: Armour fits poorly on your pseudopods.
                  | [Jiyva's grace]
 10184 | Lair:3   | Gained mutation: Armour fits poorly on your large
                  | pseudopods. [Jiyva's grace]
 10184 | Lair:3   | Gained mutation: Armour fits poorly on your massive
                  | pseudopods. [Jiyva's grace]
 10184 | Lair:3   | Gained mutation: Your muscles are strong. (Str +4, Int/Dex
                  | -1) [Jiyva's grace]
 10187 | Lair:3   | Found a hole to the Spider Nest.
 10211 | Lair:3   | Reached skill level 10 in Spellcasting
 10287 | Lair:3   | Reached skill level 9 in Fighting
 10554 | Lair:3   | Reached skill level 3 in Stealth
 11066 | Lair:4   | Reached skill level 4 in Stealth
 11076 | Lair:3   | Was placed under penance by Jiyva
 11366 | Lair:2   | Was forgiven by Jiyva
 11418 | Lair:2   | Found a staircase to the Shoals.
 11573 | Lair:2   | Reached skill level 10 in Dodging
 11652 | Lair:2   | Reached skill level 5 in Stealth
 12078 | Lair:4   | Reached skill level 6 in Stealth
 12113 | Lair:4   | Reached XP level 13. HP: 80/80 MP: 24/28
 12130 | Lair:4   | Reached skill level 11 in Dodging
 12212 | Lair:4   | Reached skill level 7 in Stealth
 12391 | Lair:5   | Entered Level 5 of the Lair of Beasts
 12520 | Lair:5   | Reached skill level 8 in Stealth
 12568 | Lair:5   | Reached skill level 12 in Dodging
 12577 | Lair:5   | Lost mutation: Armour fits poorly on your massive
                  | pseudopods. [Jiyva's grace]
 12577 | Lair:5   | Lost mutation: Armour fits poorly on your large pseudopods.
                  | [Jiyva's grace]
 12577 | Lair:5   | Lost mutation: You passively dampen the noise of your
                  | surroundings. [Jiyva's grace]
 12577 | Lair:5   | Gained mutation: You have a small jelly attached to you
                  | that senses nearby items. [Jiyva's grace]
 12577 | Lair:5   | Gained mutation: Your system is resistant to poisons.
                  | (rPois) [Jiyva's grace]
 12577 | Lair:5   | Gained mutation: You have acidic saliva. [Jiyva's grace]
 12577 | Lair:5   | Gained mutation: You are strong-willed. (Will+) [Jiyva's
                  | grace]
 12719 | Lair:5   | Reached skill level 9 in Stealth
 12924 | Lair:5   | Found a staircase to the Slime Pits.
 12933 | Slime:1  | Entered Level 1 of the Pits of Slime
 12933 | Slime:1  | Noticed a rockslime
 13073 | Slime:2  | Noticed a rockslime
 13090 | Slime:2  | Noticed an azure jelly
 13212 | Slime:3  | Noticed a quicksilver ooze
 13213 | Slime:3  | Noticed an acid blob
 13304 | Slime:4  | Noticed an acid blob
 13314 | Slime:4  | Noticed an acid blob
 13336 | Slime:4  | Noticed an acid blob
 13381 | Slime:4  | Noticed an azure jelly
 13503 | Slime:4  | Found a viscous altar of Jiyva.
 13571 | Slime:5  | Entered Level 5 of the Pits of Slime
 13577 | Slime:5  | Noticed an acid blob
 13583 | Slime:5  | Noticed a quicksilver ooze
 13585 | Slime:5  | Noticed a great orb of eyes
 13586 | Slime:5  | Found a viscous altar of Jiyva.
 13587 | Slime:5  | Noticed a quicksilver ooze
 13587 | Slime:5  | Found the +12 glaive of Prune {freeze, Prune}
 13588 | Slime:5  | Noticed a quicksilver ooze
 13588 | Slime:5  | Noticed a great orb of eyes
 13588 | Slime:5  | Noticed a rockslime
 13588 | Slime:5  | Noticed an acid blob
 13589 | Slime:5  | Noticed an acid blob
 13591 | Slime:5  | Identified the +1 short sword "Caetamyr" {freeze, rF+
                  | Int+3}
 13592 | Slime:5  | Identified the staff of death "Ziank" {rN+ Stlth+}
 13594 | Slime:5  | Noticed an acid blob
 13594 | Slime:5  | Noticed an acid blob
 13596 | Slime:5  | Identified the ring "Funig" {rPois Dex+6}
 13603 | Slime:5  | Got the Papyrus of Hyperborean Interference
 13607 | Slime:5  | Identified the +6 mace of Wifurum {flame, rElec rCorr SInv}
 13621 | Slime:5  | Got the Annotations on Correspondence and Austromancy
 13630 | Slime:5  | Got a slimy rune of Zot
 13631 | Slime:5  | Identified the +7 lajatang "Newtbane" {freeze, rElec rPois
                  | Will+ Str+3}
 13632 | Slime:5  | Identified the +5 halberd of Classification {freeze, rC+
                  | Str+3 Int+3}
 13821 | Slime:2  | Noticed a great orb of eyes
 13863 | Slime:2  | Noticed a quicksilver ooze
 13916 | Slime:2  | Noticed an acid blob
 13927 | Slime:2  | Noticed a quicksilver ooze
 13932 | Slime:2  | Noticed a quicksilver ooze
 13962 | Slime:2  | Noticed an acid blob
 13975 | Slime:2  | Noticed an azure jelly
 13981 | Slime:2  | Found a shimmering altar of Xom.
 14232 | Slime:1  | Reached skill level 10 in Stealth
 14414 | Lair:5   | Reached skill level 10 in Fighting
 14584 | Lair:5   | Reached skill level 11 in Fighting
 14584 | Lair:5   | Reached XP level 14. HP: 46/90 MP: 4/29
 14685 | Lair:5   | Identified the staff of fire "Adeab" {rF+ rCorr Str+4}
 14712 | Lair:5   | Identified the +4 plate armour "Ygapsit" {rC+}
 15086 | Lair:5   | Reached skill level 12 in Fighting
 15285 | Lair:4   | Found a transporter.
 15287 | Lair:4   | Found a transporter.
 15303 | Lair:4   | Noticed Laummuim's ghost (journeyman FeFi)
 15529 | Lair:4   | Reached skill level 1 in Staves
 15594 | Lair:4   | Noticed Josephine
 15602 | Lair:4   | Killed Josephine
 15922 | Lair:4   | Killed Laummuim's ghost
 15923 | Lair:4   | Reached skill level 2 in Staves
 16062 | Shoals:1 | Entered Level 1 of the Shoals
 16195 | Shoals:1 | Reached skill level 3 in Staves
 16225 | Shoals:1 | Reached skill level 5 in Evocations
 16368 | Shoals:1 | Reached skill level 13 in Air Magic
 16477 | Shoals:1 | Learned a level 2 spell: Poisonous Vapours
 16602 | Shoals:1 | Reached skill level 4 in Staves
 16897 | Shoals:1 | Reached skill level 6 in Evocations
 17051 | Shoals:1 | Lost mutation: Your system is resistant to poisons. (rPois)
                  | [Jiyva's grace]
 17051 | Shoals:1 | Lost mutation: Armour fits poorly on your pseudopods.
                  | [Jiyva's grace]
 17051 | Shoals:1 | Lost mutation: You are covered in slimy tendrils that may
                  | disarm your opponents. [Jiyva's grace]
 17051 | Shoals:1 | Gained mutation: You have a small jelly attached to you
                  | that may absorb projectiles. [Jiyva's grace]
 17051 | Shoals:1 | Gained mutation: You have hidden genetic potential.
                  | [Jiyva's grace]
 17051 | Shoals:1 | Gained mutation: You have great hidden genetic potential.
                  | [Jiyva's grace]
 17051 | Shoals:1 | Gained mutation: You are covered in slimy tendrils that may
                  | disarm your opponents. [Jiyva's grace]
 17427 | Shoals:2 | Reached skill level 14 in Air Magic
 17681 | Shoals:2 | Found a gateway to a bazaar.
 17688 | Shoals:2 | Reached skill level 7 in Evocations
 17691 | Shoals:2 | Killed from afar by a water nymph

Vanquished Creatures
  A red draconian (Volcano)
  A merfolk javelineer (Shoals:2)
  Josephine (Lair:4)
  A fire dragon (Lair:5)
  A merfolk impaler (Shoals:2)
  2 hydras
  A merfolk avatar (Shoals:1)
  A catoblepas (Lair:5)
  A two-headed ogre (D:9)
  A merfolk aquamancer (Shoals:2)
  3 death yaks (Lair:5)
  The ghost of Laummuim the Gouger, a journeyman FeFi of Fedhas (Lair:4)
  3 skysharks (Shoals:1)
  3 sea snakes (Shoals:1)
  A swamp dragon (Lair:5)
  3 lindwurms
  4 harpies (Shoals:1)
  Pikel (D:6)
  4 manticores
  4 salamanders (Volcano)
  2 fauns (Shoals:2)
  6 elephants
  A cyclops (Shoals:1)
  3 merfolk sirens
  3 black mambas
  A torpor snail (Lair:5)
  11 cane toads
  4 rime drakes
  6 komodo dragons
  4 polar bears
  2 trolls (D:9)
  6 merfolk
  3 queen bees
  2 wind drakes (Shoals:1)
  7 blink frogs
  4 hornets
  6 dream sheep
  A snapping turtle (Shoals:1)
  34 yaks
  A vampire (D:9)
  A shadow (D:9)
  6 wyverns
  4 water elementals
  3 wraiths (Lair:4)
  Eustachio (D:6)
  7 basilisks
  2 redbacks (Lair:3)
  4 steam dragons
  2 acid dragons (Lair:5)
  10 water moccasins
  A black bear (D:6)
  An orc warrior (D:9)
  2 ogres
  A sky beast (D:7)
  24 wolves
  2 phantoms
  3 kobold brigands
  Blork the orc (D:4)
  10 bullfrogs
  2 scorpions
  A gnoll sergeant (D:8)
  12 wights
  26 killer bees
  3 gnoll boudas
  An orc priest (D:4)
  2 sleepcaps
  7 iguanas
  2 orc wizards (D:4)
  8 mummies (Ossuary)
  14 gnolls
  7 adders
  5 river rats (Sewer)
  A shadow imp (D:6)
  2 worms (D:3)
  2 dart slugs
  10 orcs
  3 endoplasms (D:1)
  7 giant cockroaches
  A gnoll zombie (Ossuary)
  A goblin (D:3)
  4 hobgoblins
  11 jackals
  2 quokkas
  6 ball pythons
  5 bats
  3 frilled lizards
  4 hobgoblin zombies (Ossuary)
  25 kobolds
  A kobold zombie (Ossuary)
  2 orc zombies (Ossuary)
  7 rats
417 creatures vanquished.

Vanquished Creatures (collateral kills)
  6 death yaks (Lair:5)
  A salamander mystic (Volcano)
  2 harpies (Shoals:2)
  A salamander (Volcano)
  A komodo dragon (Lair:2)
  A dream sheep (Lair:5)
12 creatures vanquished.

Vanquished Creatures (others)
  A hydra (Lair:5)
  2 dream sheep (Shoals:1)
  2 yaks (Lair:4)
  An ogre (D:5)
  A bullfrog (D:7)
  A killer bee (Lair:1)
  46 jellies
  An orc priest (D:5)
  2 orc wizards (D:5)
  An adder (D:6)
  A white imp (D:7)
  An ufetubus (D:6)
  2 worms (D:5)
  5 orcs (D:5)
  4 ball pythons (D:3)
  7 endoplasms
  A quokka (D:3)
79 creatures vanquished.

Grand Total: 508 creatures vanquished

Table legend: (Time is in decaauts)
 A = Elapsed time spent in this place.
 B = Non-inter-level travel time spent in this place.
 C = Inter-level travel time spent in this place.
 D = Time resting spent in this place.
 E = Time spent auto-exploring this place.
 F = Levels seen in this place.
 G = Mean time per level.
                   A        B        C        D        E       F      G
               +--------+--------+--------+--------+--------+-----+--------+
         Total |  16646 |  15434 |   1212 |    811 |  10681 |  24 |  693.6 |
       Dungeon |   7387 |   6966 |    421 |    300 |   5313 |   9 |  820.8 |
          Lair |   5602 |   5221 |    381 |    288 |   3193 |   5 | 1120.4 |
        Shoals |   1415 |   1251 |    164 |    170 |    770 |   2 |  707.5 |
    Slime Pits |   1227 |    982 |    245 |     15 |    866 |   5 |  245.4 |
         Sewer |    486 |    486 |      0 |      0 |    366 |   1 |  486.0 |
       Ossuary |    183 |    183 |      0 |      0 |     89 |   1 |  183.0 |
       Volcano |    343 |    343 |      0 |     38 |     81 |   1 |  343.0 |
               +--------+--------+--------+--------+--------+-----+--------+

Top non-repeatable levels by time:
     D:1: 1471 daAuts
  Lair:5: 1405 daAuts
Shoals:1: 1209 daAuts
  Lair:2: 1207 daAuts
     D:5: 1185 daAuts
  Lair:4: 1116 daAuts
  Lair:3: 1025 daAuts
     D:8: 868 daAuts
  Lair:1: 848 daAuts
     D:6: 815 daAuts
     D:2: 738 daAuts
     D:3: 709 daAuts
     D:7: 660 daAuts
     D:9: 503 daAuts
   Sewer: 486 daAuts

Table legend:
 A = Non-vault XP
 B = Vault XP
 C = Vault XP percentage of total XP
 D = Non-vault monster count
 E = Vault monster count
 F = Vault count percentage of total count
                 A         B        C        D         E       F
            +---------+---------+-------+---------+---------+-------
      Total |   58549 |   26290 |  31.0 |     302 |     128 |  29.8
            +---------+---------+-------+---------+---------+-------
        D:1 |      39 |       7 |  15.2 |      23 |       4 |  14.8
        D:2 |      18 |       1 |   5.3 |      10 |       1 |   9.1
        D:3 |      58 |      13 |  18.3 |      18 |       1 |   5.3
        D:4 |     337 |      96 |  22.2 |       9 |       1 |  10.0
        D:5 |     419 |       0 |   0.0 |      12 |       0 |   0.0
        D:6 |     744 |     990 |  57.1 |      14 |       4 |  22.2
        D:7 |     731 |       0 |   0.0 |      10 |       0 |   0.0
        D:8 |    1158 |       0 |   0.0 |      26 |       0 |   0.0
        D:9 |    4086 |     401 |   8.9 |      26 |       2 |   7.1
     Lair:1 |    4601 |    1380 |  23.1 |      18 |      19 |  51.4
     Lair:2 |    5400 |     466 |   7.9 |      25 |       1 |   3.8
     Lair:3 |    4795 |     362 |   7.0 |      22 |       2 |   8.3
     Lair:4 |    6385 |    3956 |  38.3 |      25 |      17 |  40.5
     Lair:5 |    9410 |   13957 |  59.7 |      22 |      35 |  61.4
   Shoals:1 |   11304 |       0 |   0.0 |      21 |       0 |   0.0
   Shoals:2 |    7960 |       0 |   0.0 |      17 |       0 |   0.0
    Slime:1 |    1104 |       0 |   0.0 |       4 |       0 |   0.0
      Sewer |       0 |     120 | 100.0 |       0 |      18 | 100.0
    Ossuary |       0 |     153 | 100.0 |       0 |      16 | 100.0
    Volcano |       0 |    4388 | 100.0 |       0 |       7 | 100.0
            +---------+---------+-------+---------+---------+-------

Levels and vault maps discovered:
D:1:      evilmike_arrival_crescent, layout_basic, chequers_garden,
          chequers_decorated_corner, minmay_close_crescents
D:2:      layout_rooms, serial_shops, shop,
          hellmonk_ecumenical_altar_inner_sanctum,
          wander_ebering_terrifying_dragon_lair
D:3:      layout_loops_cross, portal_sewer_entry_d, minmay_misc_feat_encased
D:4:      layout_gridville, minmay_temple_entry_ruins,
          lightli_ossuary_entry_decrepit_ruins, uniq_blork_the_orc
D:5:      layout_layer_cave, zin_scriptorium, mainiacjoe_overflow_alcove_2,
          chequers_temple_overflow_minitemple, serial_shops,
          nicolae_shop_hallway_plus, minivault_27
D:6:      kennysheep_steamy, layout_loops_ring, nicolae_overflow_crystal_walls,
          minmay_statues_item, ebering_dispersal_statue_hall,
          nicolae_shop_clearance, uniq_pikel, uniq_eustachio
D:7:      layout_basic
D:8:      layout_loops_ring
D:9:      layout_cave_pools, nicolae_tso_carved_into_rock, david_lair_generic
Lair:1:   layout_concentric_octagons, enter_volcano_2, nzn_ghost_randoct,
          special_room [special_room_bee]
Lair:2:   layout_loops_ring, elwin_shoals_entry_rooms
Lair:3:   layout_layer_cave, spider_nest_entry_webs, serial_forest,
          infiniplex_forest_clump_C, infiniplex_forest_clump_double,
          infiniplex_forest_clump_double, infiniplex_forest_clump_small,
          infiniplex_forest_end_3, infiniplex_forest_3_way, lemuel_fruit_tree
Lair:4:   layout_gridlike, gammafunk_ghost_hive, gauntlet_entry_generic,
          uniq_josephine
Lair:5:   hangedman_lair_in_review, layout_misc_corridors,
          guppyfry_lair_end_dragon, nicolae_slime_entry_slimehenge,
          lookout_lair_type
Shoals:1: layout_shoals
Shoals:2: layout_shoals, serial_shops, bzr_entry_dummy,
          nicolae_shop_pleasant_corner_grove, shop, centaur_isle
Slime:1:  layout_caves
Slime:2:  layout_caves, basic_altar, nicolae_slime_phagocytosis
Slime:3:  layout_caves, special_room [special_room_jelly]
Slime:4:  layout_caves, basic_altar
Slime:5
